 Dungeon Crawl Stone Soup version 0.30-a0-390-g80c34de65d (webtiles) character file.

Game seed: 9978835390014874812

12159 KennySheep the Skirmisher (level 11, -2/89 HPs)
             Began as a Demigod Hunter on Dec 5, 2022.
             Slain by a black mamba (14 damage)
             ... on level 1 of the Lair of Beasts.
             The game lasted 01:02:22 (10737 turns).

KennySheep the Skirmisher (Demigod Hunter)         Turns: 10737, Time: 01:02:22

Health: -2/89      AC: 11    Str: 17 (18) XL:     11   Next: 33%
Magic:  14/14      EV: 17    Int: 10 (11) God:
Gold:   39         SH:  0    Dex: 34 (35) Spells: 10/10 levels left

rFire   . . .      SeeInvis .    a - +1 longbow (drain)
rCold   . . .      Faith    .    (shield currently unavailable)
rNeg    . . .      Spirit   .    t - +1 swamp dragon scales
rPois   +          Reflect  .    (no helmet)
rElec   .          Harm     .    (no cloak)
rCorr   .          Rampage  .    E - +0 pair of gloves
Will    +....                    (no boots)
Stlth   +++.......               k - amulet of regeneration
HPRegen 1.14/turn                n - +6 ring of strength
MPRegen 0.14/turn                x - +6 ring of dexterity

@: lethally poisoned (-2 -> -17)
A: high MP 1, forlorn, divine attributes
a: no special abilities


You were on level 1 of the Lair of Beasts.
You visited 2 branches of the dungeon, and saw 12 of its levels.

You collected 541 gold pieces.
You spent 502 gold pieces at shops.

Inventory:

Hand Weapons
 a - a +1 longbow of draining (weapon)
 H - a +0 arbalest
Armour
 t - +1 swamp dragon scales (worn)
 E - a +0 pair of gloves (worn)
Jewellery
 i - a ring of willpower
 k - an amulet of regeneration (around neck)
 n - a +6 ring of strength (left hand)
 v - a ring of fire
 x - a +6 ring of dexterity (right hand)
 y - a +4 ring of evasion
 B - a +6 ring of intelligence
Wands
 q - a wand of quicksilver (13)
 w - a wand of flame (20)
 D - a wand of polymorph (4)
Scrolls
 b - 2 scrolls of immolation
 f - 6 scrolls of teleportation
 j - 2 scrolls of noise
 l - a scroll of vulnerability
 m - 2 scrolls of silence
 p - 2 scrolls of fog
 s - a scroll of amnesia
 A - a scroll of blinking
 C - 2 scrolls of torment
 J - 2 scrolls of identify
Potions
 c - a potion of might
 e - 3 potions of curing
 h - a potion of resistance
 o - a potion of flight
 r - 2 potions of brilliance
 z - a potion of ambrosia {unknown}
 F - a potion of lignification {unknown}
 G - a potion of haste
 K - a potion of degeneration


   Skills:
 - Level 5.7 Fighting
 * Level 12.8 Ranged Weapons
 + Level 7.7 Armour
 - Level 5.7 Dodging
 - Level 5.1 Stealth


You had 10 spell levels left.
You didn't know any spells.
Your spell library contained the following spells:

 Spells                   Type           Power      Damage    Failure   Level
 Ensorcelled Hibernation  Hex/Ice        0%         N/A       67%         2
 Spider Form              Tmut/Pois      0%         N/A       88%         3
 Anguish                  Hex/Necr       0%         N/A       99%         4


Dungeon Overview and Level Annotations

Branches:
Dungeon (11/15)            Temple (0/1) D:5            Lair (1/5) D:10
    Orc: D:9-12

Shops:
D:7 ![*(

Annotations:
D:4 Dowan, Duvessa
D:7 Joseph
D:9 1 runed translucent door, osoart's ghost, novice MiFi
D:11 exclusion: deep elf pyromancer


Innate Abilities, Weirdness & Mutations

You have an increased reservoir of magic. (+10% MP)
You shall have no god before yourself.
Your divine heritage dramatically boosts your attributes as you level up.


Message History

The black mamba barely misses your komodo dragon.
The black mamba bites your komodo dragon!
The black mamba barely misses your komodo dragon.
The black mamba bites your komodo dragon!
Your komodo dragon dies!
Your komodo dragon's corpse dissolves into shadows!
What are your orders? t - Shout!
Orders for allies: a - Attack new target. r - Retreat! s - Stop attacking. g - Guard the area. f - Follow me.
Anything else - Cancel.
Gang up on whom?
Press: ? - help, Dir - move target, f - black mamba
Aim: a black mamba Attack!
The black mamba bites your basilisk!
Your basilisk dies!
Your basilisk's corpse dissolves into shadows!
You shoot an arrow. The arrow misses the black mamba.
You shoot an arrow.
The arrow closely misses the black mamba.
The black mamba barely misses you. The black mamba bites you.
You are poisoned.
The black mamba poisons you!
You shoot an arrow. The arrow hits the black mamba!
The black mamba is moderately wounded.
You feel very sick. The black mamba bites you! x2
You are more poisoned.
The black mamba poisons you!
You shoot an arrow.
The arrow closely misses the black mamba.
The arrow hits the death yak but does no damage.
The death yak is heavily wounded.
* * * LOW HITPOINT WARNING * * *
You feel extremely sick.
The death yak seems less drained.
The black mamba bites you!
* * * LOW HITPOINT WARNING * * *
The black mamba bites you!
You die...

............ ........##+#
#...#... ###...♣. ####..
#.. ### ###### ### ##.
##.###.##.###.###########
#.......@S...Y...........
#........................
######..........####....#
#..........# ##YY##.
##..........# #†##...
###...........###F#....
###.##..........#..YY....
#.................>....##
#...................#.##


You could see a death yak and a black mamba.

Vanquished Creatures
  2 death yaks (Lair:1)
  Maggie (D:7)
  4 cane toads (Lair:1)
  A komodo dragon (Lair:1)
  A rime drake (Lair:1)
  2 trolls (D:10)
  2 hornets (D:9)
  A shadow (D:11)
  Sigmund (D:2)
  26 yaks
  A wyvern (D:10)
  A basilisk (D:10)
  An acid dragon (D:11)
  A black bear (D:10)
  4 orc warriors
  3 ice beasts
  5 ogres
  2 centaurs (D:7)
  A phantom (D:5)
  3 kobold brigands
  A necrophage (D:7)
  5 bullfrogs
  2 scorpions
  9 wights
  8 killer bees
  2 howler monkeys (D:9)
  2 hounds
  3 jellies
  4 orc priests
  4 iguanas
  7 orc wizards
  5 gnolls
  12 adders
  A shadow imp (D:6)
  2 white imps
  4 worms
  A dart slug (D:1)
  27 orcs
  11 endoplasms
  5 giant cockroaches
  7 goblins
  10 hobgoblins
  2 jackals (D:1)
  3 quokkas
  7 ball pythons
  4 bats
  6 frilled lizards
  19 kobolds
  4 rats
240 creatures vanquished.

Vanquished Creatures (others)
  3 fungi
  3 plants (Lair:1)
6 creatures vanquished.

Grand Total: 246 creatures vanquished

Notes
Turn   | Place    | Note
-------+----------+-------------------------------------------
     0 | D:1      | KennySheep the Demigod Hunter began the quest for the Orb.
     0 | D:1      | Reached XP level 1. HP: 17/17 MP: 3/3
     8 | D:1      | Reached skill level 1 in Stealth
   118 | D:1      | Reached XP level 2. HP: 24/24 MP: 4/4
   301 | D:1      | Reached skill level 4 in Ranged Weapons
   415 | D:1      | Reached XP level 3. HP: 29/29 MP: 5/5
   947 | D:2      | Noticed Sigmund
  1468 | D:2      | Reached XP level 4. HP: 37/37 MP: 6/6
  1516 | D:2      | Killed Sigmund
  1517 | D:2      | Reached skill level 5 in Ranged Weapons
  1517 | D:2      | Reached XP level 5. HP: 28/44 MP: 7/7
  2393 | D:3      | Reached XP level 6. HP: 49/51 MP: 8/8
  3061 | D:4      | Reached XP level 7. HP: 57/57 MP: 9/9
  3129 | D:4      | Noticed Dowan
  3132 | D:4      | Noticed Duvessa
  3227 | D:5      | Entered Level 5 of the Dungeon
  3252 | D:5      | Reached skill level 6 in Ranged Weapons
  4027 | D:5      | Reached XP level 8. HP: 36/67 MP: 10/10
  4065 | D:5      | Found a staircase to the Ecumenical Temple.
  4370 | D:6      | Reached skill level 7 in Ranged Weapons
  5223 | D:7      | Found Vomaz's Armour Shoppe.
  5235 | D:7      | Noticed Maggie
  5243 | D:8      | Identified the +0 leather armour of Juzoe {Stlth+}
  5341 | D:7      | Killed Maggie
  5342 | D:7      | Reached skill level 5 in Stealth
  5352 | D:7      | Reached skill level 5 in Fighting
  5382 | D:7      | Reached skill level 5 in Dodging
  5634 | D:7      | Found Kitini's Distillery.
  5740 | D:7      | Found Babyuh's Assorted Antiques.
  5855 | D:7      | Reached skill level 1 in Armour
  5959 | D:7      | Bought a runed coral ring for 105 gold pieces
  5959 | D:7      | Bought a diamond ring for 105 gold pieces
  5959 | D:7      | Bought a gilded ring for 105 gold pieces
  5973 | D:7      | Found Wyhuenump's Weapon Emporium.
  6001 | D:7      | Reached skill level 8 in Ranged Weapons
  6009 | D:7      | Reached XP level 9. HP: 74/74 MP: 11/11
  7201 | D:8      | Reached skill level 9 in Ranged Weapons
  7604 | D:9      | Found a runed translucent door.
  7734 | D:9      | Noticed a two-headed ogre
  7953 | D:9      | Noticed osoart's ghost (novice MiFi)
  7954 | D:9      | Noticed a +0 hand axe of chaos
  8295 | D:9      | Reached XP level 10. HP: 83/83 MP: 13/13
  8369 | D:10     | Entered Level 10 of the Dungeon
  8462 | D:9      | Reached skill level 10 in Ranged Weapons
  8462 | D:9      | Reached skill level 5 in Armour
  8495 | D:10     | Found a staircase to the Lair.
  8958 | D:10     | Reached skill level 11 in Ranged Weapons
  9573 | D:11     | Noticed a deep elf pyromancer
 10084 | Lair:1   | Entered Level 1 of the Lair of Beasts
 10165 | D:7      | Bought a +1 longbow of draining for 187 gold pieces
 10213 | D:7      | Noticed Joseph
 10216 | D:7      | Noticed a cyclops
 10519 | Lair:1   | Reached skill level 12 in Ranged Weapons
 10519 | Lair:1   | Reached XP level 11. HP: 40/89 MP: 14/14
 10670 | Lair:1   | Noticed a death yak
 10671 | Lair:1   | Noticed a death yak
 10671 | Lair:1   | Noticed a death yak
 10686 | Lair:1   | Killed a death yak
 10692 | Lair:1   | Noticed a death yak
 10704 | Lair:1   | Noticed a death yak
 10706 | Lair:1   | Killed a death yak
 10737 | Lair:1   | Slain by a black mamba

Illustrated notes

Levels and vault maps discovered:
D:1:      mrwooster_arrival_statue, layout_basic
D:2:      layout_basic, patterned_corridor, uniq_sigmund
D:3:      layout_basic
D:4:      layout_layer_cave, kennysheep_decorative_pillar, uniq_duvessa
D:5:      layout_loops_corners, nicolae_overflow_quartered_altars,
          minmay_temple_entry_proselytizer
D:6:      layout_layer_cave, st_stairs_13
D:7:      kennysheep_windowed_halls, layout_cave_pods,
          mainiacjoe_overflow_small_starburst, serial_shops, shop, shop,
          nicolae_take_the_stairs, nicolae_shop_trees, uniq_joseph, uniq_maggie
D:8:      layout_cave_pods
D:9:      layout_cave_pods, mainiacjoe_overflow_catwalk, serial_column_ruins,
          column_ruins_columns_corner, column_ruins_grid_1,
          column_ruins_open_tiny, column_ruins_grid_1, ebering_ghost_xom
D:10:     layout_loops_ring, david_lair_generic
D:11:     layout_irregular_city
Lair:1:   layout_small_grid, minivault_25, grunt_megastairs_4

Skill      XL: |  1  2  3  4  5  6  7  8  9 10 |
---------------+-------------------------------+-----
Stealth        | 1 2 3 4 5 |  5.1
Fighting       | 2 3 4 5 |  5.7
Dodging        | 2 3 4 5 |  5.7
Ranged Weapons | 4 5 6 8 9 12 | 12.8
Armour         | 1 4 7 |  7.7

Action                   |  1- 3 |  4- 6 |  7- 9 | 10-12 || total
-------------------------+-------+-------+-------+-------++-------
 Fire: Shortbow          |   119 |   186 |   452 |   259 ||  1016
       Longbow           |       |       |       |    80 ||    80
  Use: Potion            |       |       |     6 |     6 ||    12
       Scroll            |       |       |    14 |     4 ||    18
Armor: Leather armour    |     8 |    12 |     9 |       ||    29
       Swamp dragon scal |       |       |    33 |    38 ||    71
Dodge: Dodged            |    24 |    57 |   221 |   176 ||   478

Table legend: (Time is in decaauts)
 A = Elapsed time spent in this place.
 B = Non-inter-level travel time spent in this place.
 C = Inter-level travel time spent in this place.
 D = Time resting spent in this place.
 E = Time spent auto-exploring this place.
 F = Levels seen in this place.
 G = Mean time per level.
                   A        B        C        D        E       F      G
               +--------+--------+--------+--------+--------+-----+--------+
         Total |  10914 |  10325 |    589 |    611 |   7245 |  12 |  909.5 |
       Dungeon |  10484 |   9895 |    589 |    492 |   7123 |  11 |  953.1 |
          Lair |    429 |    429 |      0 |    119 |    122 |   1 |  429.0 |
               +--------+--------+--------+--------+--------+-----+--------+

Top non-repeatable levels by time:
     D:7: 1247 daAuts
     D:8: 1162 daAuts
     D:3: 1117 daAuts
     D:9: 1110 daAuts
     D:5: 1048 daAuts
     D:1: 1012 daAuts
    D:10: 960 daAuts
     D:6: 939 daAuts
    D:11: 695 daAuts
     D:2: 665 daAuts
     D:4: 525 daAuts
  Lair:1: 429 daAuts
